[ PARTIDA AOE2 · #477246074 ]
Team RMJemeres vs Bohemians
[ ANÁLISIS DE REPETICIÓN · EXTRAÍDO DE LA PARTIDA GRABADA ]
Feudal
21:29
Castillos
24:09
Imperial
43:42
| APM promedio | 18.0 |
| APM pico | 53 |
| eAPM promedio | 11.8 |
| Aldeanos / militares | 113 / 125 |
Foco
⚔️ 30.3% · 🌾 69.7%
Ballista Elephant ×55 · Skirmisher ×36 · Spearman ×29 · Trebuchet (Packed) ×4 · Monk ×1
Feudal
13:49
Castillos
30:03
Imperial
42:10
| APM promedio | 22.4 |
| APM pico | 41 |
| eAPM promedio | 14.1 |
| Aldeanos / militares | 103 / 169 |
Foco
⚔️ 34.0% · 🌾 66.0%
Magyar Huszar ×100 · Cavalry Archer ×53 · Scout Cavalry ×10 · Knight ×5 · Trade Cart ×5 · Archer ×1
Feudal
—
Castillos
—
Imperial
—
| APM promedio | 17.2 |
| APM pico | 94 |
| eAPM promedio | 11.0 |
| Aldeanos / militares | 66 / 53 |
Foco
⚔️ 26.2% · 🌾 73.8%
Spearman ×45 · Trade Cart ×16 · Hussite Wagon ×8
Feudal
—
Castillos
—
Imperial
—
| APM promedio | 12.1 |
| APM pico | 41 |
| eAPM promedio | 10.9 |
| Aldeanos / militares | 106 / 159 |
Foco
⚔️ 20.9% · 🌾 79.1%
Boyar ×72 · Spearman ×52 · Trade Cart ×32 · Scorpion ×32 · Trebuchet (Packed) ×2 · Monk ×1
Mapa de la partida
Recursos al inicio + cada clic de construcción. Línea gruesa = muro · recuadro discontinuo = muro de casas detectado. 🟡 oro · ⚪ piedra · 🟢 bayas · 🔶 jabalí · ⭕ reliquia
Tu base· Abierta — flanco sin cerrar
Base de Indenominavel· ✓ Cerrada en 30:03 · 49t muro
Base de Pullinski99· ✓ Cerrada en 38:06 · 53t muro
Base de vBanshee1482· ✓ Cerrada en 27:49 · 36t muro · 1 puerta(s)
Terreno con relieve · ⚠ = hueco de muro detectado · pasá el cursor para detalles
Inputs por minuto
— Xibata de Nego do Borel - - Indenominavel
Build order — Xibata de Nego do Borel
Primeras 150 de 367 acciones detectadas
| 0:07 | Investigar | Loom |
| 0:08 | Crear | Villager (Male) |
| 0:08 | Crear | Villager (Male) |
| 0:09 | Crear | Villager (Male) |
| 0:09 | Crear | Villager (Male) |
| 0:09 | Crear | Villager (Male) |
| 1:06 | Construir | Palisade Wall |
| 2:29 | Construir | House |
| 2:31 | Construir | House |
| 2:32 | Construir | House |
| 2:34 | Construir | House |
| 3:40 | Construir | House |
| 3:47 | Construir | House |
| 4:11 | Construir | House |
| 4:13 | Construir | House |
| 4:49 | Crear | Villager (Male) |
| 5:11 | Construir | House |
| 6:12 | Crear | Villager (Male) |
| 6:12 | Crear | Villager (Male) |
| 6:15 | Crear | Villager (Male) |
| 6:15 | Crear | Villager (Male) |
| 6:55 | Construir | House |
| 7:20 | Crear | Villager (Male) |
| 7:20 | Crear | Villager (Male) |
| 7:46 | Construir | House |
| 8:17 | Crear | Villager (Male) |
| 8:18 | Crear | Villager (Male) |
| 8:18 | Crear | Villager (Male) |
| 8:37 | Crear | Villager (Male) |
| 8:51 | Crear | Villager (Male) |
| 8:51 | Crear | Villager (Male) |
| 11:23 | Crear | Villager (Male) |
| 11:24 | Crear | Villager (Male) |
| 11:24 | Crear | Villager (Male) |
| 11:25 | Crear | Villager (Male) |
| 11:25 | Crear | Villager (Male) |
| 11:25 | Crear | Villager (Male) |
| 11:48 | Crear | Villager (Male) |
| 11:49 | Crear | Villager (Male) |
| 12:24 | Construir | Mill |
| 13:20 | Crear | Villager (Male) |
| 13:21 | Crear | Villager (Male) |
| 13:21 | Crear | Villager (Male) |
| 13:21 | Crear | Villager (Male) |
| 13:21 | Crear | Villager (Male) |
| 13:22 | Crear | Villager (Male) |
| 13:22 | Crear | Villager (Male) |
| 13:22 | Crear | Villager (Male) |
| 14:40 | Construir | Mill |
| 14:53 | Crear | Villager (Male) |
| 14:53 | Crear | Villager (Male) |
| 14:53 | Crear | Villager (Male) |
| 14:54 | Crear | Villager (Male) |
| 14:54 | Crear | Villager (Male) |
| 14:54 | Crear | Villager (Male) |
| 15:49 | Construir | Mining Camp |
| 16:45 | Investigar | Feudal Age |
| 17:30 | Construir | Lumber Camp |
| 18:33 | Construir | Mining Camp |
| 19:48 | Construir | Farm |
| 19:49 | Construir | Farm |
| 20:04 | Construir | Barracks |
| 20:27 | Construir | Farm |
| 20:28 | Construir | Farm |
| 20:30 | Construir | Farm |
| 21:07 | Construir | Barracks |
| 21:29 | Edad | Edad Feudal |
| 21:29 | Investigar | Castle Age |
| 21:36 | Investigar | Double-Bit Axe |
| 21:48 | Investigar | Horse Collar |
| 22:10 | Construir | Farm |
| 22:25 | Construir | Farm |
| 22:30 | Construir | Farm |
| 22:43 | Construir | Farm |
| 23:21 | Construir | Archery Range |
| 23:26 | Crear | Spearman |
| 24:09 | Edad | Edad de los Castillos |
| 24:10 | Crear | Villager (Male) |
| 24:11 | Crear | Villager (Male) |
| 24:11 | Crear | Villager (Male) |
| 24:11 | Crear | Villager (Male) |
| 24:11 | Crear | Villager (Male) |
| 24:12 | Crear | Villager (Male) |
| 24:12 | Crear | Villager (Male) |
| 24:12 | Crear | Villager (Male) |
| 24:26 | Construir | Market |
| 25:28 | Construir | Town Center |
| 26:12 | Crear | Villager (Male) |
| 26:12 | Crear | Villager (Male) |
| 26:23 | Construir | Monastery |
| 26:50 | Crear | Villager (Male) |
| 26:50 | Crear | Villager (Male) |
| 26:50 | Crear | Villager (Male) |
| 27:16 | Construir | Castle |
| 27:24 | Crear | Villager (Male) |
| 27:24 | Crear | Villager (Male) |
| 27:35 | Construir | Blacksmith |
| 27:45 | Crear | Monk |
| 28:39 | Construir | Town Center |
| 28:48 | Crear | Villager (Male) |
| 28:48 | Crear | Villager (Male) |
| 28:49 | Crear | Villager (Male) |
| 28:53 | Crear | Villager (Male) |
| 28:53 | Crear | Villager (Male) |
| 28:54 | Crear | Villager (Male) |
| 29:06 | Construir | Farm |
| 29:10 | Construir | Farm |
| 29:12 | Construir | Farm |
| 29:16 | Construir | Farm |
| 29:17 | Construir | Farm |
| 29:34 | Crear | Spearman |
| 29:34 | Crear | Spearman |
| 29:35 | Crear | Spearman |
| 29:35 | Crear | Spearman |
| 29:35 | Crear | Spearman |
| 29:35 | Crear | Spearman |
| 29:36 | Crear | Spearman |
| 30:02 | Crear | Villager (Male) |
| 30:02 | Crear | Villager (Male) |
| 30:02 | Crear | Villager (Male) |
| 30:12 | Construir | House |
| 30:13 | Construir | House |
| 30:14 | Construir | House |
| 30:15 | Construir | House |
| 30:17 | Construir | House |
| 30:18 | Construir | House |
| 30:19 | Construir | House |
| 30:23 | Construir | House |
| 30:30 | Crear | Skirmisher |
| 30:30 | Crear | Skirmisher |
| 30:30 | Crear | Skirmisher |
| 30:31 | Crear | Skirmisher |
| 31:05 | Crear | Villager (Male) |
| 31:05 | Crear | Villager (Male) |
| 31:05 | Crear | Villager (Male) |
| 31:05 | Crear | Villager (Male) |
| 31:05 | Crear | Villager (Male) |
| 31:24 | Crear | Villager (Male) |
| 31:25 | Crear | Villager (Male) |
| 31:25 | Crear | Villager (Male) |
| 31:25 | Crear | Villager (Male) |
| 31:30 | Crear | Villager (Male) |
| 31:31 | Crear | Villager (Male) |
| 31:31 | Crear | Villager (Male) |
| 31:58 | Construir | Archery Range |
| 32:00 | Construir | Archery Range |
| 32:14 | Investigar | Padded Archer Armor |
| 32:16 | Investigar | Scale Mail Armor |
| 32:36 | Investigar | Heavy Plow |
| 32:47 | Construir | Farm |
Build order — Indenominavel
Primeras 150 de 359 acciones detectadas
| 0:01 | Crear | Villager (Male) |
| 0:01 | Crear | Villager (Male) |
| 0:04 | Investigar | Loom |
| 0:04 | Investigar | Loom |
| 0:05 | Construir | House |
| 0:19 | Crear | Villager (Male) |
| 0:19 | Crear | Villager (Male) |
| 0:20 | Crear | Villager (Male) |
| 0:20 | Crear | Villager (Male) |
| 0:20 | Crear | Villager (Male) |
| 2:13 | Construir | Palisade Wall |
| 2:15 | Construir | Palisade Wall |
| 2:16 | Construir | Palisade Wall |
| 2:17 | Construir | Palisade Wall |
| 2:19 | Construir | Palisade Wall |
| 2:30 | Construir | Palisade Wall |
| 2:38 | Crear | Villager (Male) |
| 2:38 | Crear | Villager (Male) |
| 2:41 | Crear | Villager (Male) |
| 2:41 | Crear | Villager (Male) |
| 3:05 | Construir | Palisade Wall |
| 3:06 | Construir | Palisade Wall |
| 3:07 | Construir | Palisade Wall |
| 3:33 | Crear | Villager (Male) |
| 3:34 | Crear | Villager (Male) |
| 4:01 | Construir | House |
| 4:33 | Construir | Palisade Wall |
| 4:58 | Crear | Villager (Male) |
| 4:59 | Crear | Villager (Male) |
| 4:59 | Crear | Villager (Male) |
| 4:59 | Crear | Villager (Male) |
| 5:35 | Construir | Palisade Wall |
| 5:37 | Construir | Palisade Wall |
| 5:53 | Crear | Villager (Male) |
| 5:53 | Crear | Villager (Male) |
| 5:53 | Crear | Villager (Male) |
| 6:25 | Construir | House |
| 7:09 | Crear | Villager (Male) |
| 7:10 | Crear | Villager (Male) |
| 8:23 | Crear | Villager (Male) |
| 8:24 | Crear | Villager (Male) |
| 8:24 | Crear | Villager (Male) |
| 8:24 | Crear | Villager (Male) |
| 8:24 | Crear | Villager (Male) |
| 8:25 | Crear | Villager (Male) |
| 8:39 | Construir | Palisade Wall |
| 8:49 | Crear | Villager (Male) |
| 8:55 | Crear | Villager (Male) |
| 8:56 | Crear | Villager (Male) |
| 8:56 | Crear | Villager (Male) |
| 8:56 | Crear | Villager (Male) |
| 9:15 | Construir | Mill |
| 10:15 | Construir | Lumber Camp |
| 10:29 | Construir | House |
| 10:30 | Construir | House |
| 10:30 | Construir | House |
| 10:30 | Construir | House |
| 10:31 | Construir | House |
| 10:31 | Construir | House |
| 11:38 | Investigar | Feudal Age |
| 12:37 | Construir | Mill |
| 13:19 | Construir | Barracks |
| 13:49 | Edad | Edad Feudal |
| 13:53 | Crear | Villager (Male) |
| 13:53 | Crear | Villager (Male) |
| 13:53 | Crear | Villager (Male) |
| 13:53 | Crear | Villager (Male) |
| 13:54 | Crear | Villager (Male) |
| 14:06 | Investigar | Double-Bit Axe |
| 14:33 | Construir | Stable |
| 16:17 | Crear | Villager (Male) |
| 16:20 | Crear | Scout Cavalry |
| 16:21 | Crear | Scout Cavalry |
| 16:21 | Crear | Scout Cavalry |
| 16:24 | Construir | Stable |
| 16:33 | Construir | Mill |
| 17:32 | Crear | Villager (Male) |
| 17:38 | Construir | House |
| 17:39 | Construir | House |
| 17:39 | Construir | House |
| 17:39 | Construir | House |
| 17:40 | Construir | House |
| 17:50 | Crear | Villager (Male) |
| 18:15 | Crear | Scout Cavalry |
| 18:16 | Crear | Scout Cavalry |
| 18:19 | Crear | Scout Cavalry |
| 18:46 | Crear | Scout Cavalry |
| 18:48 | Crear | Scout Cavalry |
| 18:52 | Crear | Villager (Male) |
| 19:03 | Construir | Stable |
| 19:31 | Crear | Villager (Male) |
| 19:50 | Crear | Scout Cavalry |
| 19:51 | Crear | Scout Cavalry |
| 19:54 | Crear | Villager (Male) |
| 19:54 | Crear | Villager (Male) |
| 19:58 | Construir | Mining Camp |
| 20:19 | Crear | Villager (Male) |
| 20:36 | Construir | Farm |
| 20:36 | Construir | Farm |
| 20:36 | Construir | Farm |
| 20:37 | Construir | Farm |
| 20:37 | Construir | Farm |
| 20:37 | Construir | Farm |
| 20:38 | Construir | Farm |
| 20:38 | Construir | Farm |
| 20:41 | Construir | Farm |
| 20:52 | Construir | Farm |
| 21:00 | Construir | Farm |
| 21:01 | Construir | Farm |
| 21:02 | Construir | Farm |
| 21:03 | Construir | Farm |
| 21:04 | Construir | Farm |
| 21:04 | Construir | Farm |
| 21:04 | Construir | Farm |
| 21:05 | Construir | Farm |
| 21:05 | Construir | Farm |
| 21:15 | Crear | Villager (Male) |
| 21:15 | Crear | Villager (Male) |
| 21:52 | Construir | House |
| 21:52 | Construir | House |
| 21:53 | Construir | House |
| 21:54 | Construir | House |
| 21:57 | Construir | House |
| 21:59 | Construir | House |
| 22:43 | Investigar | Horse Collar |
| 22:47 | Crear | Villager (Male) |
| 22:47 | Crear | Villager (Male) |
| 22:47 | Crear | Villager (Male) |
| 22:52 | Construir | Farm |
| 22:54 | Construir | Farm |
| 22:55 | Construir | Farm |
| 22:56 | Construir | Farm |
| 23:18 | Crear | Villager (Male) |
| 23:18 | Crear | Villager (Male) |
| 24:45 | Construir | Farm |
| 24:46 | Construir | Farm |
| 24:47 | Construir | Farm |
| 24:52 | Crear | Villager (Male) |
| 24:52 | Crear | Villager (Male) |
| 25:01 | Investigar | Bloodlines |
| 25:16 | Construir | Stable |
| 25:17 | Construir | Stable |
| 25:57 | Construir | Blacksmith |
| 26:09 | Crear | Villager (Male) |
| 26:09 | Crear | Villager (Male) |
| 27:03 | Investigar | Scale Barding Armor |
| 27:23 | Investigar | Castle Age |
| 27:37 | Construir | Mining Camp |
| 28:04 | Investigar | Fletching |
| 28:05 | Investigar | Padded Archer Armor |
Build order — Pullinski99
Primeras 150 de 205 acciones detectadas
| 0:15 | Construir | Palisade Wall |
| 0:19 | Investigar | Loom |
| 0:36 | Construir | House |
| 0:38 | Construir | House |
| 0:40 | Construir | House |
| 0:41 | Construir | House |
| 1:01 | Crear | Villager (Male) |
| 1:01 | Crear | Villager (Male) |
| 1:47 | Construir | Palisade Wall |
| 3:59 | Crear | Villager (Male) |
| 3:59 | Crear | Villager (Male) |
| 3:59 | Crear | Villager (Male) |
| 6:10 | Crear | Villager (Male) |
| 6:10 | Crear | Villager (Male) |
| 6:10 | Crear | Villager (Male) |
| 7:28 | Construir | Palisade Wall |
| 7:49 | Crear | Villager (Male) |
| 7:49 | Crear | Villager (Male) |
| 9:28 | Crear | Villager (Male) |
| 9:28 | Crear | Villager (Male) |
| 9:28 | Crear | Villager (Male) |
| 9:28 | Crear | Villager (Male) |
| 10:59 | Crear | Villager (Male) |
| 10:59 | Crear | Villager (Male) |
| 11:00 | Crear | Villager (Male) |
| 11:44 | Crear | Villager (Male) |
| 12:01 | Crear | Villager (Male) |
| 12:52 | Construir | Mill |
| 14:35 | Crear | Villager (Male) |
| 14:35 | Crear | Villager (Male) |
| 14:36 | Crear | Villager (Male) |
| 15:08 | Construir | Mining Camp |
| 16:00 | Construir | Lumber Camp |
| 16:24 | Crear | Villager (Male) |
| 16:25 | Crear | Villager (Male) |
| 16:27 | Crear | Villager (Male) |
| 16:32 | Investigar | Feudal Age |
| 17:45 | Construir | Farm |
| 17:46 | Construir | Farm |
| 17:48 | Construir | Farm |
| 17:49 | Construir | Farm |
| 18:14 | Construir | Farm |
| 18:34 | Construir | House |
| 18:53 | Crear | Villager (Male) |
| 18:53 | Crear | Villager (Male) |
| 19:14 | Construir | House |
| 19:32 | Investigar | Horse Collar |
| 19:36 | Investigar | Double-Bit Axe |
| 19:56 | Construir | Stone Wall |
| 20:06 | Construir | Stone Wall |
| 20:26 | Crear | Villager (Male) |
| 20:27 | Crear | Villager (Male) |
| 20:42 | Construir | Market |
| 21:26 | Construir | Mining Camp |
| 21:54 | Crear | Villager (Male) |
| 21:55 | Crear | Villager (Male) |
| 22:02 | Construir | Barracks |
| 23:09 | Construir | Barracks |
| 24:05 | Construir | Barracks |
| 25:06 | Crear | Spearman |
| 25:07 | Crear | Spearman |
| 25:33 | Construir | Lumber Camp |
| 26:11 | Crear | Spearman |
| 26:11 | Crear | Spearman |
| 26:11 | Crear | Spearman |
| 26:11 | Crear | Spearman |
| 26:12 | Crear | Spearman |
| 26:12 | Crear | Spearman |
| 26:12 | Crear | Spearman |
| 26:12 | Crear | Spearman |
| 26:13 | Crear | Spearman |
| 27:08 | Construir | Stone Wall |
| 27:27 | Construir | Farm |
| 27:55 | Crear | Villager (Male) |
| 27:56 | Crear | Villager (Male) |
| 27:56 | Crear | Villager (Male) |
| 27:56 | Crear | Villager (Male) |
| 27:57 | Investigar | Wheelbarrow |
| 28:52 | Construir | Watch Tower |
| 29:26 | Construir | Farm |
| 30:05 | Construir | Farm |
| 30:36 | Crear | Villager (Male) |
| 30:36 | Crear | Villager (Male) |
| 30:36 | Crear | Villager (Male) |
| 30:36 | Crear | Villager (Male) |
| 30:37 | Crear | Villager (Male) |
| 30:37 | Crear | Villager (Male) |
| 31:00 | Construir | Building 673 |
| 31:30 | Investigar | Arson |
| 31:31 | Crear | Spearman |
| 31:31 | Crear | Spearman |
| 31:32 | Crear | Spearman |
| 31:32 | Crear | Spearman |
| 31:32 | Crear | Spearman |
| 31:32 | Crear | Spearman |
| 31:33 | Crear | Spearman |
| 31:33 | Crear | Spearman |
| 31:52 | Crear | Trade Cart |
| 31:53 | Crear | Trade Cart |
| 31:53 | Crear | Trade Cart |
| 32:00 | Construir | House |
| 32:05 | Construir | House |
| 32:06 | Construir | House |
| 32:07 | Construir | House |
| 32:09 | Construir | House |
| 33:54 | Crear | Villager (Male) |
| 33:54 | Crear | Villager (Male) |
| 33:54 | Crear | Villager (Male) |
| 33:54 | Crear | Villager (Male) |
| 33:55 | Crear | Villager (Male) |
| 33:55 | Crear | Villager (Male) |
| 33:59 | Crear | Trade Cart |
| 33:59 | Crear | Trade Cart |
| 34:00 | Crear | Trade Cart |
| 34:00 | Crear | Trade Cart |
| 34:21 | Construir | Blacksmith |
| 34:50 | Construir | Lumber Camp |
| 34:54 | Crear | Trade Cart |
| 34:54 | Crear | Trade Cart |
| 35:07 | Crear | Spearman |
| 35:07 | Crear | Spearman |
| 35:08 | Crear | Spearman |
| 35:08 | Crear | Spearman |
| 35:09 | Crear | Spearman |
| 35:09 | Crear | Spearman |
| 35:09 | Crear | Spearman |
| 35:44 | Construir | Farm |
| 35:45 | Construir | Farm |
| 35:47 | Construir | Farm |
| 35:49 | Construir | Farm |
| 36:27 | Construir | Farm |
| 36:33 | Construir | Farm |
| 36:38 | Construir | Farm |
| 36:49 | Construir | Building 673 |
| 37:13 | Construir | House |
| 37:57 | Construir | House |
| 37:58 | Construir | House |
| 38:01 | Construir | House |
| 38:03 | Construir | House |
| 38:06 | Investigar | Castle Age |
| 39:23 | Crear | Spearman |
| 39:23 | Crear | Spearman |
| 39:23 | Crear | Spearman |
| 39:23 | Crear | Spearman |
| 39:23 | Crear | Spearman |
| 39:24 | Crear | Spearman |
| 39:24 | Crear | Spearman |
| 39:24 | Crear | Spearman |
| 39:24 | Crear | Spearman |
| 39:24 | Crear | Spearman |
Build order — vBanshee1482
Primeras 150 de 287 acciones detectadas
| 0:07 | Construir | House |
| 0:08 | Construir | House |
| 0:11 | Construir | House |
| 0:13 | Construir | House |
| 0:27 | Construir | Palisade Wall |
| 0:30 | Construir | Palisade Wall |
| 0:53 | Investigar | Loom |
| 0:53 | Crear | Villager (Male) ×4 |
| 1:17 | Construir | Palisade Gate |
| 3:13 | Crear | Villager (Male) |
| 3:13 | Crear | Villager (Male) |
| 3:49 | Construir | Palisade Wall |
| 3:58 | Crear | Villager (Male) |
| 3:58 | Crear | Villager (Male) |
| 4:14 | Crear | Villager (Male) |
| 4:35 | Crear | Villager (Male) |
| 4:36 | Crear | Villager (Male) |
| 5:20 | Crear | Villager (Male) ×2 |
| 5:33 | Crear | Villager (Male) |
| 7:08 | Crear | Villager (Male) |
| 7:08 | Crear | Villager (Male) |
| 7:09 | Crear | Villager (Male) |
| 7:09 | Crear | Villager (Male) |
| 7:32 | Crear | Villager (Male) |
| 7:48 | Construir | Mill |
| 8:26 | Crear | Villager (Male) |
| 8:26 | Crear | Villager (Male) |
| 8:26 | Crear | Villager (Male) |
| 8:39 | Construir | House |
| 8:40 | Construir | House |
| 8:42 | Construir | House |
| 8:43 | Construir | House |
| 9:14 | Crear | Villager (Male) |
| 9:37 | Construir | Lumber Camp |
| 10:24 | Crear | Villager (Male) |
| 10:24 | Crear | Villager (Male) |
| 10:25 | Crear | Villager (Male) |
| 10:25 | Crear | Villager (Male) |
| 10:26 | Crear | Villager (Male) |
| 10:41 | Crear | Villager (Male) |
| 10:41 | Crear | Villager (Male) |
| 10:58 | Construir | Mill |
| 11:24 | Crear | Villager (Male) |
| 14:00 | Construir | House |
| 14:01 | Construir | House |
| 14:02 | Construir | House |
| 14:04 | Construir | House |
| 14:06 | Construir | House |
| 14:07 | Construir | House |
| 14:10 | Construir | House |
| 14:12 | Construir | House |
| 14:13 | Construir | House |
| 14:30 | Investigar | Feudal Age |
| 15:01 | Crear | Villager (Male) |
| 15:01 | Crear | Villager (Male) |
| 15:11 | Construir | Mining Camp |
| 15:16 | Construir | Mining Camp |
| 15:19 | Construir | Mining Camp |
| 15:26 | Construir | Mining Camp |
| 15:27 | Construir | Mining Camp |
| 15:31 | Construir | Mining Camp |
| 15:34 | Construir | Mining Camp |
| 16:09 | Crear | Villager (Male) |
| 16:09 | Crear | Villager (Male) |
| 16:12 | Crear | Villager (Male) |
| 16:46 | Construir | Market |
| 16:48 | Construir | Market |
| 16:49 | Construir | Market |
| 16:54 | Investigar | Double-Bit Axe |
| 16:58 | Investigar | Horse Collar |
| 17:04 | Construir | Blacksmith |
| 17:45 | Construir | House |
| 18:18 | Investigar | Wheelbarrow |
| 19:06 | Construir | Farm |
| 19:10 | Construir | Farm |
| 19:12 | Construir | Farm |
| 19:36 | Crear | Villager (Male) |
| 19:36 | Crear | Villager (Male) |
| 19:36 | Crear | Villager (Male) |
| 19:38 | Crear | Villager (Male) |
| 19:45 | Construir | Farm |
| 19:48 | Construir | Farm |
| 19:51 | Construir | Farm |
| 19:54 | Construir | Farm |
| 19:56 | Construir | Farm |
| 20:09 | Crear | Trade Cart |
| 20:09 | Crear | Trade Cart |
| 20:09 | Crear | Trade Cart |
| 20:09 | Crear | Trade Cart |
| 20:42 | Crear | Trade Cart |
| 22:13 | Construir | Stone Wall |
| 22:32 | Construir | Stone Wall |
| 22:40 | Construir | Stone Wall |
| 22:42 | Construir | Building 487 |
| 22:46 | Investigar | Gold Mining |
| 22:46 | Investigar | Stone Mining |
| 22:49 | Crear | Villager (Male) ×5 |
| 22:49 | Crear | Villager (Male) ×5 |
| 22:50 | Crear | Villager (Male) ×3 |
| 22:58 | Construir | Farm |
| 23:02 | Construir | Farm |
| 23:15 | Construir | Farm |
| 23:25 | Construir | Farm |
| 23:50 | Construir | Barracks |
| 23:56 | Construir | Barracks |
| 23:57 | Construir | Barracks |
| 23:58 | Construir | Barracks |
| 24:00 | Construir | Barracks |
| 24:01 | Construir | Barracks |
| 24:26 | Investigar | Scale Mail Armor |
| 24:29 | Crear | Spearman ×5 |
| 24:36 | Construir | Farm |
| 24:39 | Construir | Farm |
| 24:41 | Construir | Farm |
| 24:59 | Crear | Spearman ×5 |
| 24:59 | Crear | Spearman ×5 |
| 24:59 | Crear | Spearman ×5 |
| 24:59 | Crear | Spearman ×5 |
| 25:49 | Construir | Farm |
| 25:51 | Construir | Farm |
| 25:53 | Construir | Farm |
| 26:11 | Crear | Villager (Male) |
| 26:11 | Crear | Villager (Male) |
| 26:25 | Crear | Spearman ×5 |
| 27:33 | Crear | Villager (Male) ×5 |
| 27:49 | Investigar | Castle Age |
| 28:01 | Construir | Farm |
| 28:04 | Construir | Farm |
| 28:12 | Construir | Farm |
| 28:17 | Construir | Farm |
| 28:22 | Construir | Farm |
| 28:24 | Construir | Farm |
| 29:01 | Crear | Trade Cart ×5 |
| 29:10 | Investigar | Scale Barding Armor |
| 29:12 | Investigar | Forging |
| 30:33 | Construir | Town Center |
| 30:36 | Investigar | Chain Barding Armor |
| 30:44 | Investigar | Chain Mail Armor |
| 30:48 | Investigar | Pikeman (upgrade) |
| 30:49 | Investigar | Squires |
| 31:00 | Investigar | Heavy Plow |
| 31:07 | Crear | Villager (Male) |
| 31:07 | Crear | Villager (Male) |
| 31:08 | Crear | Villager (Male) |
| 31:08 | Crear | Villager (Male) |
| 31:24 | Crear | Villager (Male) |
| 31:24 | Crear | Villager (Male) |
| 31:25 | Crear | Villager (Male) |
| 31:25 | Crear | Villager (Male) |
| 31:53 | Construir | Monastery |
Cronología de la partida
| 0:15 | Pullinski99 · wall_segment Palisade Wall x14 |
| 0:27 | vBanshee1482 · wall_segment Palisade Wall x8 |
| 0:30 | vBanshee1482 · wall_segment Palisade Wall x8 |
| 1:06 | Xibata de Nego do Borel · wall_segment Palisade Wall x23 |
| 1:47 | Pullinski99 · wall_segment Palisade Wall x23 |
| 2:13 | Indenominavel · wall_segment Palisade Wall x4 |
| 2:15 | Indenominavel · wall_segment Palisade Wall x2 |
| 2:16 | Indenominavel · wall_segment Palisade Wall x2 |
| 2:17 | Indenominavel · wall_segment Palisade Wall x1 |
| 2:19 | Indenominavel · wall_segment Palisade Wall x4 |
| 2:30 | Indenominavel · wall_segment Palisade Wall x8 |
| 3:05 | Indenominavel · wall_segment Palisade Wall x1 |
| 3:06 | Indenominavel · wall_segment Palisade Wall x1 |
| 3:07 | Indenominavel · wall_segment Palisade Wall x1 |
| 3:49 | vBanshee1482 · wall_segment Palisade Wall x8 |
| 4:33 | Indenominavel · wall_segment Palisade Wall x1 |
| 5:35 | Indenominavel · wall_segment Palisade Wall x10 |
| 5:37 | Indenominavel · wall_segment Palisade Wall x8 |
| 7:28 | Pullinski99 · wall_segment Palisade Wall x4 |
| 8:39 | Indenominavel · wall_segment Palisade Wall x8 |
| 13:19 | Indenominavel · first_building Barracks |
| 13:49 | Indenominavel · age_up feudal |
| 14:33 | Indenominavel · first_building Stable |
| 19:56 | Pullinski99 · wall_segment Stone Wall x25 |
| 20:04 | Xibata de Nego do Borel · first_building Barracks |
| 20:06 | Pullinski99 · wall_segment Stone Wall x3 |
| 21:29 | Xibata de Nego do Borel · age_up feudal |
| 22:02 | Pullinski99 · first_building Barracks |
| 22:13 | vBanshee1482 · wall_segment Stone Wall x5 |
| 22:32 | vBanshee1482 · wall_segment Stone Wall x9 |
| 22:40 | vBanshee1482 · wall_segment Stone Wall x9 |
| 23:21 | Xibata de Nego do Borel · first_building Archery Range |
| 23:50 | vBanshee1482 · first_building Barracks |
| 24:09 | Xibata de Nego do Borel · age_up castle |
| 25:26 | Pullinski99 · first_market_buy 100 wood |
| 26:23 | Xibata de Nego do Borel · first_building Monastery |
| 27:08 | Pullinski99 · wall_segment Stone Wall x1 |
| 27:16 | Xibata de Nego do Borel · first_building Castle |
| 27:44 | vBanshee1482 · first_market_buy 100 food |
| 28:25 | Xibata de Nego do Borel · first_market_buy 100 stone |
| 28:43 | Indenominavel · first_building Archery Range |
| 30:03 | Indenominavel · age_up castle |
| 31:53 | vBanshee1482 · first_building Monastery |
| 32:38 | vBanshee1482 · first_building Castle |
| 33:24 | vBanshee1482 · first_market_sell 100 food |
| 33:41 | Indenominavel · first_building Castle |
| 41:38 | Pullinski99 · first_building Castle |
| 41:58 | Indenominavel · first_market_sell 100 food |
| 42:10 | Indenominavel · age_up imperial |
| 42:33 | vBanshee1482 · first_building Siege Workshop |
| 43:42 | Xibata de Nego do Borel · age_up imperial |
| 48:04 | Indenominavel · first_building Monastery |
| 48:55 | Pullinski99 · resign |
[ ANÁLISIS IA · 1 CRÉDITO ]
¿Qué pasó realmente en esta partida?
Wolo.gg analiza cada decisión: build order, eco, micro, errores típicos por bracket. Análisis personalizado por WhatsApp o Discord en 30 segundos.
Guía civ
Jemeres
Guía mapa
Black Forest
Perfil
Xibata de Nego do Borel